 Dungeon Crawl Stone Soup version 0.28-a0-1632-g283549b12f (webtiles) character file.

Game seed: 8663248374489115231

83 Ijustatesigmund the Sneak (level 4, 0/29 HPs)
             Began as a Gargoyle Delver on Jan 25, 2022.
             Slain by a gnoll (1 damage)
             ... on level 2 of the Dungeon.
             The game lasted 00:03:41 (1533 turns).

Ijustatesigmund the Sneak (Gargoyle Delver)         Turns: 1533, Time: 00:03:41

Health: 0/29       AC:  6    Str: 17    XL:     4   Next: 44%
Magic:  4/4        EV: 11    Int: 11    God:
Gold:   100        SH:  0    Dex: 11    Spells: 3/3 levels left

rFire   . . .      SeeInvis .   a - +1 mace (spect)
rCold   . . .      Faith    .   (no shield)
rNeg    + . .      Spirit   .   b - +0 leather armour
rPois   ∞          Reflect  .   (no helmet)
rElec   +          Harm     .   (no cloak)
rCorr   .          Rampage  .   (no gloves)
Will    .....                   (no boots)
Stlth   +++.......              (no amulet)
HPRegen 0.09/turn               j - ring of flight
MPRegen 0.09/turn               (no ring)

@: flying
A: sickness immunity, AC +3, negative energy resistance 1, electricity
resistance, torment resistance 1, petrification resistance
a: no special abilities


You were on level 2 of the Dungeon.
You visited 2 branches of the dungeon, and saw 6 of its levels.

You collected 100 gold pieces.

Inventory:

Hand Weapons
 a - a +1 spectral mace (weapon)
Missiles
 f - 5 poisoned darts (quivered)
Armour
 b - a +0 leather armour (worn)
Jewellery
 j - a ring of flight (left hand)
Wands
 g - a wand of digging (3)
Scrolls
 c - 2 scrolls of fog
 d - 4 scrolls of magic mapping
 e - 2 scrolls of fear
 h - a scroll of identify
Potions
 i - a potion of flight {unknown}


   Skills:
 + Level 4.1 Fighting
 * Level 3.6 Maces & Flails
 - Level 1.8 Dodging
 - Level 5.6 Stealth


You had 3 spell levels left.
You didn't know any spells.
Your spell library was empty.

Dungeon Overview and Level Annotations

Branches:
Dungeon (5/15)             Temple (1/1) D:4

Altars:
Cheibriados
Dithmenos
Elyvilon
Fedhas
Hepliaklqana
Nemelex Xobeh
Qazlal
Ru
Sif Muna
Trog
Uskayaw
Vehumet
Wu Jian
Xom
Yredelemnul
Zin

Shops:
D:3 [


Innate Abilities, Weirdness & Mutations

You are immune to sickness and miasma.
Your stone body is resilient. (AC +3)
You are immune to poison.
You resist negative energy. (rN+)
You are resistant to electric shocks. (rElec)
You are resistant to unholy torment.
You are immune to petrification.


Message History

The hobgoblin barely misses you.
You hit the hobgoblin.
The hobgoblin is almost dead.
The hobgoblin closely misses you.
The hobgoblin hits you with a staff of fire.
You hit the hobgoblin.
You kill the hobgoblin!
The bat closely misses you.
You sock the gnoll!
You kill the gnoll!
The bat hits you but does no damage.
You hit the gnoll.
The gnoll is lightly wounded.
The gnoll completely misses you.
You barely miss the gnoll.
The gnoll is lightly wounded.
The gnoll hits you with a +4 vorpal flail!
You completely miss the gnoll.
The gnoll is lightly wounded.
The gnoll closely misses you. The gnoll barely misses you.
You feel much better. The gnoll misses you.
You barely miss the gnoll.
The gnoll is lightly wounded.
The gnoll closely misses you.
You hit the gnoll.
The gnoll is moderately wounded.
The gnoll barely misses you.
You closely miss the gnoll.
The gnoll is moderately wounded.
The gnoll hits you with a +4 vorpal flail!
You barely miss the gnoll.
The gnoll is moderately wounded.
The gnoll hits you with a +4 vorpal flail!
* * * LOW HITPOINT WARNING * * *
x2 The gnoll misses you.
You barely miss the gnoll.
The gnoll is moderately wounded.
The gnoll hits you with a +4 vorpal flail.
* * * LOW HITPOINT WARNING * * *
You die...

#'#.#.#.# #..#.#. ..
#.......# #..#.#. ...
#...#.#####..#.#.
##_#####...#........#.##
.......#...########.#...
.......#.........##.....
..P....#'#######.#####..
...P.bg#........ #..
#@######## #.. ### #..
#.. ###


You could see a gnoll and a bat.

Vanquished Creatures
  3 gnolls
  An adder (D:4)
  5 ball pythons
  3 endoplasms
  3 giant cockroaches (D:1)
  5 goblins
  5 hobgoblins
  3 jackals (D:1)
  4 quokkas (D:1)
  2 bats
  2 frilled lizards
  2 kobolds
  2 rats (D:1)
40 creatures vanquished.

Vanquished Creatures (others)
  11 demonic plants (D:2)
  6 fungi (D:2)
  A plant (D:2)
  2 withered plants (D:2)
20 creatures vanquished.

Grand Total: 60 creatures vanquished

Notes
Turn   | Place    | Note
-------+----------+-------------------------------------------
     0 | D:5      | Ijustatesigmund the Gargoyle Delver began the quest for the
                  | Orb.
     0 | D:5      | Reached XP level 1. HP: 14/14 MP: 1/1
     2 | D:5      | Noticed a scorpion
    23 | D:5      | Noticed a scorpion
    26 | D:5      | Noticed a hound
    28 | D:5      | Noticed an orc priest
    29 | D:5      | Noticed an orc wizard
    55 | D:4      | Noticed a phantom
   125 | D:4      | Reached XP level 2. HP: 14/19 MP: 2/2
   205 | D:4      | Found a staircase to the Ecumenical Temple.
   214 | Temple   | Entered the Ecumenical Temple
   427 | D:3      | Found Fihays Ilif's Antique Armour Boutique.
   715 | D:1      | Reached XP level 3. HP: 23/24 MP: 3/3
  1209 | D:1      | Reached XP level 4. HP: 29/29 MP: 4/4
  1504 | D:2      | Found a faded altar of an unknown god.
  1533 | D:2      | HP: 1/29 [gnoll (3)]
  1533 | D:2      | Slain by a gnoll

Illustrated notes

Levels and vault maps discovered:
D:1:      minmay_arrival_five_plusses, layout_basic, minmay_misc_feat_tiny,
          minmay_hexomino_c4
D:2:      layout_basic, shapermc_ecumenical_altar_gd
D:3:      layout_basic, gammafunk_temple_overflow_claw, serial_shops,
          nicolae_shop_stone, dk_noncrumbling_2
D:4:      layout_basic, lemuel_crystal_altar,
          minmay_temple_entry_statues_fountains, gammafunk_ghost_nasty_kobolds,
          pf_guarded_unrand_delatra
D:5:      layout_rooms, uniq_eustachio
Temple:   eino_temple_scatter_basement

Skill      XL: |  1  2  3  4 |
---------------+-------------+-----
Maces & Flails | 3 |  3.6
Fighting       | 4 |  4.1
Dodging        | |  1.8
Stealth        | |  5.6

Action                   |  1- 3 |  4- 6 || total
-------------------------+-------+-------++-------
Melee: Mace              |    56 |    27 ||    83
  Use: Potion            |     1 |     2 ||     3
       Scroll            |     4 |     1 ||     5
 Stab: Sleeping          |     6 |     1 ||     7
Armor: Leather armour    |    20 |     3 ||    23
Dodge: Dodged            |    31 |    19 ||    50

Table legend: (Time is in decaauts)
 A = Elapsed time spent in this place.
 B = Non-inter-level travel time spent in this place.
 C = Inter-level travel time spent in this place.
 D = Time resting spent in this place.
 E = Time spent auto-exploring this place.
 F = Levels seen in this place.
 G = Mean time per level.
                   A        B        C        D        E       F      G
               +--------+--------+--------+--------+--------+-----+--------+
         Total |   1538 |   1430 |    108 |     82 |    979 |   6 |  256.3 |
       Dungeon |   1343 |   1254 |     89 |     82 |    818 |   5 |  268.6 |
        Temple |    194 |    175 |     19 |      0 |    161 |   1 |  194.0 |
               +--------+--------+--------+--------+--------+-----+--------+

Top non-repeatable levels by time:
     D:1: 730 daAuts
     D:2: 205 daAuts
  Temple: 194 daAuts
     D:3: 192 daAuts
     D:4: 167 daAuts
     D:5: 47 daAuts
